 Dungeon Crawl Stone Soup version 0.22.1-2-g9c5b331 (webtiles) character file.

119 dondy the Twirler (level 5, 0/30 HPs)
             Began as a Gargoyle Gladiator on Dec 28, 2018.
             Killed by divine providence
             ... invoked by an orc priest
              (12 damage)
             ... on level 3 of the Dungeon.
             The game lasted 00:06:35 (1966 turns).

dondy the Twirler (Gargoyle Gladiator)              Turns: 1966, Time: 00:06:35

Health: 0/30       AC: 11    Str: 21    XL:     5   Next: 3%
Magic:  0/5        EV: 11    Int:  8    God:
Gold:   145        SH:  0    Dex: 12    Spells: 4/4 levels left

rFire    . . .     SeeInvis .   a - +0 quarterstaff
rCold    . . .     Gourm    .   (shield currently unavailable)
rNeg     + . .     Faith    .   t - +0 ring mail
rPois    ∞         Spirit   +   c - +0 helmet
rElec    +         Reflect  .   g - scarf {Spirit}
rCorr    +         Harm     .   b - +0 pair of gloves
MR       .....                  (no boots)
Stlth    +.........             (no amulet)
HPRegen  0.10/turn              j - ring of resist corrosion
MPRegen  0.09/turn              s - +3 ring of strength

@: no status effects
A: negative energy resistance 1, electricity resistance, unbreathing,
petrification resistance, rot immunity, AC +4
a: no special abilities


You were on level 3 of the Dungeon.
You were not hungry.

You visited 1 branch of the dungeon, and saw 3 of its levels.

You collected 145 gold pieces.

Inventory:

Hand Weapons
 a - a +0 quarterstaff (weapon)
 h - a +0 hunting sling
Missiles
 d - 3 throwing nets (quivered)
 e - 5 poisoned needles
 i - 68 stones
 p - 25 arrows
 r - 18 bolts
 v - 16 sling bullets
Armour
 b - a +0 pair of gloves (worn)
 c - a +0 helmet (worn)
 g - a scarf of spirit shield (worn)
 t - a +0 ring mail (worn)
Jewellery
 j - a ring of resist corrosion (left hand)
 s - a +3 ring of strength (right hand)
 A - an uncursed ring of magical power {unknown}
Scrolls
 m - a scroll of remove curse
 n - a scroll of fog {unknown}
 o - a scroll of amnesia {unknown}
 y - a scroll of magic mapping {unknown}
Potions
 l - 2 potions of invisibility
 q - a potion of might {unknown}
 u - a potion of brilliance {unknown}
 w - a potion of haste {unknown}
 x - a potion of flight {unknown}
Comestibles
 f - 6 rations
 z - a chunk of flesh


   Skills:
 - Level 2.1 Fighting
 + Level 5.5 Staves
 - Level 1.7 Throwing
 - Level 2.4 Dodging


You had 4 spell levels left.
You didn't know any spells.
Your spell library was empty.

Dungeon Overview and Level Annotations

Branches:
Dungeon (3/15)

Altars:

Annotations:
D:3 Sigmund


Innate Abilities, Weirdness & Mutations

You are resistant to torment.
Your stone body is resilient. (AC +4)
You are immune to poison.
You resist negative energy. (rN+)
You are resistant to electric shocks. (rElec)
You can survive without breathing.
You are immune to petrification.
You are immune to rotting.


Message History

You closely miss the orc priest.
The orc priest is moderately wounded.
The orc priest hits you but does no damage.
You closely miss the orc priest.
The orc priest is moderately wounded.
The orc priest invokes the aid of Beogh against you.
Beogh smites you!
You sock the orc priest!
The orc priest is severely wounded.
The orc priest hits you but does no damage.
You hit the orc priest but do no damage.
The orc priest is severely wounded.
The orc priest hits you with an enchanted dagger.
You are too injured to fight recklessly!
You are too injured to fight recklessly!
You completely miss the orc priest.
The orc priest is severely wounded.
The orc priest calls down the wrath of Beogh upon you.
Beogh smites you!
You die...

# #. #.. #...
#.o.. ###
#....o######.#
#######
#....oo..o.oK#
#.....#
#....K######o#
#.....# ##### #@#
#.....#
#.######+###.....#
#.##.......#.....#
#....#.....#......
######.....#.....#
#.#.#######'#
#.#)# #....
#.#+#####....
#......##....


You could see an orc priest, an orc and a kobold.

Vanquished Creatures
  Terence (D:2)
  2 adders (D:3)
  An ooze (D:1)
  3 dart slugs (D:1)
  A leopard gecko (D:1)
  An orc (D:3)
  A ball python (D:3)
  4 giant cockroaches
  8 goblins
  10 hobgoblins
  4 jackals (D:1)
  2 quokkas
  3 bats
  A frilled lizard (D:3)
  5 kobolds
  12 rats
59 creatures vanquished.

Notes
Turn   | Place    | Note
-------+----------+-------------------------------------------
     0 | D:1      | dondy the Gargoyle Gladiator began the quest for the Orb.
     0 | D:1      | Reached XP level 1. HP: 12/12 MP: 1/1
   165 | D:1      | Reached XP level 2. HP: 16/17 MP: 2/2
   385 | D:1      | Reached skill level 4 in Staves
   423 | D:1      | Reached XP level 3. HP: 21/21 MP: 3/3
  1439 | D:2      | Noticed Terence
  1460 | D:2      | Killed Terence
  1460 | D:2      | Reached skill level 5 in Staves
  1460 | D:2      | Reached XP level 4. HP: 26/26 MP: 4/4
  1884 | D:3      | Noticed Sigmund
  1894 | D:3      | Reached XP level 5. HP: 30/30 MP: 5/5
  1966 | D:3      | Killed from afar by an orc priest

Skill      XL: |  1  2  3 |
---------------+----------+-----
Staves         | 4 5 |  5.5
Fighting       | |  2.1
Throwing       | |  1.7
Dodging        | |  2.4

Action                   |  1- 3 |  4- 6 || total
-------------------------+-------+-------++-------
Melee: Quarterstaff      |   152 |    47 ||   199
  Use: Scroll            |     5 |       ||     5
       Potion            |       |     1 ||     1
 Stab: Sleeping          |     1 |     1 ||     2
  Eat: Chunk             |     2 |     2 ||     4
Armor: Leather armour    |    44 |       ||    44
       Ring mail         |    12 |    11 ||    23
Dodge: Dodged            |    96 |    23 ||   119
